 Dungeon Sprint DCSS version 0.19.1-1-g22dce08 (webtiles) character file.

144 dvd the Basher (level 5, -4/63 HPs)
             Began as an Ogre Berserker on Jan 6, 2017.
             Was a Priest of Trog.
             Slain by a soul eater (16 damage)
             ... summoned by a kobold demonologist
             ... in the Dungeon (Sprint III: "The Ten Rune Challenge").
             The game lasted 00:04:52 (596 turns).

dvd the Basher (Ogre Berserker)                      Turns: 596, Time: 00:04:53

Health: -4/63      AC:  8    Str: 22      XL:     5   Next: 27%
Magic:  5/5        EV: 12    Int:  6      God:    Trog [***...]
Gold:   47         SH:  0    Dex:  9 (10) Spells: 0 memorised, 4 levels left

rFire  . . .     SeeInvis .     a - +0 mace
rCold  . . .     Gourm    .     b - +0 animal skin
rNeg   . . .     Faith    .     (no shield)
rPois  +         Spirit   .     (helmet restricted)
rElec  .         Reflect  .     k - +0 cloak {+Inv}
rCorr  .         Harm     .     (gloves unavailable)
MR     ++...     NoTele   +     (boots unavailable)
Stlth  +.........               (no amulet)
                                (no ring)
                                (no ring)

@: exhausted, very slightly contaminated, regenerating, hasted, very quick
A: unfitting armour, icy blue scales 1, thin metallic scales 1, poison
resistance, tough skin 1
a: Berserk, Trog's Hand, Burn Spellbooks, Renounce Religion, Evoke Invisibility


You were in the Dungeon.
You worshipped Trog.
Trog was most pleased with you.
You were not hungry.

You visited 1 branch You collected 47 gold pieces.

Inventory:

Hand Weapons
 a - a +0 mace (weapon)
 j - a +3 quarterstaff of chaos
Armour
 b - a +0 animal skin (worn)
 k - a +0 cloak of invisibility (worn)
Scrolls
 n - 4 scrolls of identify
 o - 3 scrolls of remove curse
Potions
 g - 2 potions of magic
 h - a potion of berserk rage
 q - 4 potions of cure mutation
 r - 2 potions of flight
Comestibles
 c - a bread ration


   Skills:
 + Level 8.1 Fighting
 + Level 9.5 Maces & Flails
 + Level 5.6 Dodging


You had 4 spell levels left.
You didn't know any spells.

Dungeon Overview and Level Annotations

Branches:
Dungeon (1/1)

Altars:
Kikubaaqudgha
Sif Muna
Vehumet


Innate Abilities, Weirdness & Mutations

You are too large for most types of armour.
You have tough skin. (AC +1)
You are partially covered in icy blue scales. (AC +2)
You are partially covered in thin metallic scales. (AC +2)
Your system is resistant to poisons. (rPois)


Message History

You feel the effects of Trog's Hand fading.
The soul eater hits you!
* * * LOW HITPOINT WARNING * * *
Unknown command.
Your skin crawls.
You feel resistant to hostile enchantments.
You feel quite a bit more hungry. The soul eater barely misses you.
Unknown command.
You hit the soul eater.
The soul eater is lightly wounded.
You barely miss the soul eater.
The soul eater is lightly wounded.
The kobold demonologist gestures wildly while chanting.
The soul eater completely misses you.
You hit the soul eater but do no damage.
The soul eater is lightly wounded.
You hit the soul eater but do no damage.
The soul eater is lightly wounded.
The soul eater hits you!
You die...

▓▓▓▓▓▓▓▓▓▓▓▓ ▓▓▓
<.#..'.....♣ ♣.#
..#..#....♣♣ ♣♣.#
#'####.....♣♣ ♣.@#
.....#....≈.♣♣♣♣3###+#+###
.....#...≈≈♣.♣.♣5#K.......
.....#..≈≈≈≈♣.♣.4'.⌠......
####'#..≈≈≈≈≈≈♣..#.K)####
...÷.#.≈≈≈≈≈≈....#.⌠4#
.....#.≈≈≈≈≈.....#...#
.....#.≈≈≈.......#'###
'#####...........#K4


You could see a soul eater, an ice devil and a quasit.

Vanquished Creatures
  A water elemental (D)
  A wizard (D)
  Crazy Yiuf (D)
  A human (D)
  An ooze (D)
  3 rats (D)
8 creatures vanquished.

Vanquished Creatures (others)
  2 draconian scorchers (D)
  6 hellions (D)
  A yaktaur (D)
9 creatures vanquished.

Grand Total: 17 creatures vanquished

Notes
Turn   | Place    | Note
-------+----------+-------------------------------------------
     0 | D        | dvd the Ogre Berserker began the quest for the Orb.
     0 | D        | Reached XP level 1. HP: 24/24 MP: 1/1
    32 | D        | Killed a yaktaur
   121 | D        | Killed a hellion
   129 | D        | Killed a hellion
   130 | D        | Killed a hellion
   130 | D        | Killed a hellion
   131 | D        | Killed a hellion
   151 | D        | Killed a white draconian scorcher
   165 | D        | Reached ** piety under Trog
   165 | D        | Reached skill level 5 in Maces & Flails
   165 | D        | Killed a white draconian scorcher
   168 | D        | Reached XP level 2. HP: 33/33 MP: 2/2
   219 | D        | Killed a hellion
   220 | D        | Reached skill level 5 in Fighting
   220 | D        | Reached skill level 6 in Maces & Flails
   220 | D        | Reached XP level 3. HP: 8/44 MP: 3/3
   467 | D        | Noticed Crazy Yiuf
   476 | D        | Killed Crazy Yiuf
   476 | D        | Reached skill level 7 in Maces & Flails
   516 | D        | Gained mutation: You are partially covered in thin metallic scales. (AC +2) [potion of mutation]
   516 | D        | Gained mutation: You are clumsy. (Dex -2) [potion of mutation]
   516 | D        | Gained mutation: Your system is resistant to poisons. (rPois) [potion of mutation]
   517 | D        | Lost mutation: You are clumsy. (Dex -2) [potion of mutation]
   517 | D        | Gained mutation: You are partially covered in icy blue scales. (AC +2) [potion of mutation]
   542 | D        | Noticed a water elemental
   548 | D        | Killed a water elemental
   548 | D        | Reached *** piety under Trog
   548 | D        | Reached skill level 9 in Maces & Flails
   548 | D        | Reached skill level 5 in Dodging
   548 | D        | Reached XP level 4. HP: 53/57 MP: 4/4
   553 | D        | Found a radiant altar of Vehumet.
   553 | D        | Found a deep blue altar of Sif Muna.
   553 | D        | Found an ancient bone altar of Kikubaaqudgha.
   553 | D        | Noticed a wizard
   564 | D        | Noticed a red devil
   568 | D        | Killed a wizard
   568 | D        | Reached **** piety under Trog
   568 | D        | Reached XP level 5. HP: 29/63 MP: 5/5
   572 | D        | Noticed an orange demon
   578 | D        | Noticed a soul eater
   581 | D        | Noticed a soul eater
   584 | D        | Noticed an ice devil
   596 | D        | Slain by a soul eater

Skill      XL: |  1  2  3  4 |
---------------+-------------+-----
Dodging        | 3 5 |  5.6
Maces & Flails | 5 6 9 |  9.5
Fighting       | 5 7 8 |  8.1

Action                   |  1- 3 |  4- 6 || total
-------------------------+-------+-------++-------
Melee: Mace              |    33 |    18 ||    51
Invok: Berserk           |     3 |       ||     3
       Trog's Hand       |     1 |     3 ||     4
       Burn Spellbooks   |       |     1 ||     1
       Brothers in Arms  |       |     1 ||     1
  Use: Potion            |     3 |     3 ||     6
       Scroll            |       |     3 ||     3
  Eat: Royal jelly       |       |     1 ||     1
       Bread ration      |       |     1 ||     1
Armor: Animal skin       |     5 |    27 ||    32
Dodge: Dodged            |    15 |    28 ||    43
